 Dungeon Sprint DCSS version 0.24-a0-250-g6074511092 (webtiles) character file.

Game seed: 13182071923810633186

8000000 Redear the Conqueror (level 27, -7/246 (249) HPs)
             Began as a Demonspawn Warper on Apr 15, 2019.
             Was the Champion of Makhleb.
             Killed from afar by a dread (43 damage)
             ... with damnation
             ... in the Dungeon (Sprint VIII: "Arena of Blood").
             The game lasted 00:04:20 (80 turns).

Redear the Conqueror (Demonspawn Warper)              Turns: 80, Time: 00:04:20

HP:   -7/246 (249)  AC: 10    Str: 18    XL:     27
MP:   54/54         EV: 43    Int: 17    God:    Makhleb [******]
Gold: 0             SH:  0    Dex: 27    Spells: 80/80 levels left

rFire    . . .     SeeInvis .   c - +∞ Axe of Woe
rCold    . . .     Gourm    .   (shield currently unavailable)
rNeg     . . .     Faith    .   b - +0 leather armour
rPois    +         Spirit   .   (no helmet)
rElec    .         Reflect  .   (no cloak)
rCorr    .         Harm     .   (no gloves)
MR       ++...     NoTele   +   (boots unavailable)
Stlth    ++++++++++             (no amulet)
HPRegen  10.51/turn             (no ring)
MPRegen  0.34/turn              (no ring)

@: mighty, agile
A: hooves 3, slimy green scales 3, powered by death 3, powered by pain 3,
augmentation 3
a: Minor Destruction, Lesser Servant of Makhleb, Major Destruction, Greater
Servant of Makhleb, Renounce Religion


You were in the Dungeon.
You worshipped Makhleb.
Makhleb was exalted by your worship.
You were not hungry.

You visited 1 branch

Inventory:

Hand Weapons
 a - a +0 hand axe
 c - the +∞ Axe of Woe (weapon)
   (You found it in the Dungeon)
Missiles
 e - 5 tomahawks of dispersal (quivered)
Armour
 b - a +0 leather armour (worn)
Scrolls
 B - 2 scrolls of blinking
Potions
 h - a potion of heal wounds {@q1}
 j - 2 potions of magic
 k - a potion of berserk rage
 H - a potion of haste {@q5}
 Q - a potion of curing {@q2}
Comestibles
 z - a ration


   Skills:
 O Level 27 Fighting
 O Level 27 Axes
 O Level 27 Throwing
 O Level 27 Armour
 O Level 27 Dodging
 O Level 27 Stealth
 O Level 27 Unarmed Combat
 O Level 27 Spellcasting
   Level 2.6 Translocations
 O Level 27 Invocations


You had 80 spell levels left.
You didn't know any spells.
Your spell library contained the following spells:

 Spells                   Type           Power        Failure   Level  Hunger
 Blink                    Tloc           N/A          1%          2    None
 Shroud of Golubria       Chrm/Tloc      ####......   1%          2    None
 Gell's Gravitas          Tloc           ####......   1%          3    None
 Lesser Beckoning         Tloc           ####......   1%          3    None
 Teleport Other           Tloc           ####....     1%          3    None
 Passage of Golubria      Tloc           N/A          5%          4    None


Dungeon Overview and Level Annotations

Branches:
Dungeon (1/1)

Altars:
Makhleb


Innate Abilities, Weirdness & Mutations

You have hooves in place of feet.
You are completely covered in slimy green scales. (AC +4, rPois)
You regenerate a lot of health from kills.
You are powered by pain.
Your magical and physical power is greatly enhanced at high health.


Message History

The meat berserker convulses! x2
The meat berserker rages.
You hear a shout!
A bolt of negative energy appears from out of thin air!
Deactivating autopickup; reactivate with Ctrl-A.
The bolt of negative energy hits you!!!
You feel drained.
* * * LOW HITPOINT WARNING * * *
You hear a shout! x3
You take 88 damage, and have 29/246 hp.
MASSIVE DAMAGE!!
You slice the bag of meat!!
You fatally mangle the bag of meat.
You kill the bag of meat!
Makhleb accepts your kill.
Your life force feels restored.
You hear a shout! x5
An accursed comes into view.
You hear a shout!
The dread is engulfed in blazing flames.
The dread throws damnation at you.
The sphere of damnation explodes!
The damnation engulfs you!!!
You die...

#.%.#..
.O...#.........2..
....................
#..................
.#....... #.......#
....#.... #.%.%...#
.#......###o......###.
......))@)Ooo###......
....#))))WWV._.......
. #.%))O))#o....#....
#..%..%..%.#_.<._# .
..%#..%....#O....#
.%...#....O..._.......
.............###......
........###..M. ..###.
......... #.... ..#


You could see an accursed (wandering), a destroyer, 2 dreads, 4 meat berserkers
and 4 bags of meat.

Vanquished Creatures
  A hell beast (D)
  2 greater mummies (D)
  20 vampire knights (D)
  30 ogres (D)
  7 two-headed ogres (D)
  3 liches (D)
  A hydra (D)
  65 orcs (D)
  7 skeletal warriors (D)
  7 large abominations (D)
  9 small abominations (D)
  10 crawling corpses (D)
162 creatures vanquished.

Vanquished Creatures (others)
  5 crawling corpses (D)
5 creatures vanquished.

Grand Total: 167 creatures vanquished

Notes
Turn   | Place    | Note
-------+----------+-------------------------------------------
     0 | D        | Found the +∞ Axe of Woe
     0 | D        | Redear the Demonspawn Warper began the quest for the Orb.
     0 | D        | Reached XP level 1. HP: 16/16 MP: 3/3
     2 | D        | Noticed a bag of meat
     3 | D        | Noticed a bag of meat
     3 | D        | Noticed a bag of meat
     3 | D        | Noticed a bag of meat
     4 | D        | Noticed a bag of meat
     6 | D        | Became a worshipper of Makhleb the Destroyer
     7 | D        | Noticed a meat berserker
     9 | D        | Noticed a bag of meat
     9 | D        | Noticed a bag of meat
    10 | D        | Noticed a meat berserker
    11 | D        | Killed a bag of meat
    11 | D        | Reached skill level 13 in Fighting
    11 | D        | Reached skill level 12 in Axes
    11 | D        | Reached skill level 12 in Throwing
    11 | D        | Reached skill level 12 in Armour
    11 | D        | Reached skill level 12 in Dodging
    11 | D        | Gained mutation: You are partially covered in slimy green
                  | scales. (AC +2) [demonic ancestry]
    11 | D        | Reached XP level 2. HP: 40/40 MP: 5/5
    11 | D        | Gained mutation: You sometimes gain a little power by
                  | taking damage. [demonic ancestry]
    11 | D        | Reached XP level 3. HP: 46/46 MP: 6/6
    11 | D        | Reached XP level 4. HP: 53/53 MP: 7/7
    11 | D        | Reached XP level 5. HP: 59/59 MP: 8/8
    11 | D        | Reached XP level 6. HP: 66/66 MP: 9/9
    11 | D        | Gained mutation: You have large cloven feet. [demonic
                  | ancestry]
    11 | D        | Reached XP level 7. HP: 72/72 MP: 10/10
    11 | D        | Gained mutation: You have hoof-like feet. [demonic
                  | ancestry]
    11 | D        | Reached XP level 8. HP: 79/79 MP: 11/11
    11 | D        | Gained mutation: You regenerate a little health from kills.
                  | [demonic ancestry]
    11 | D        | Reached XP level 9. HP: 85/85 MP: 12/12
    11 | D        | Gained mutation: You are mostly covered in slimy green
                  | scales. (AC +3) [demonic ancestry]
    11 | D        | Reached XP level 10. HP: 92/92 MP: 13/13
    11 | D        | Gained mutation: You have hooves in place of feet. [demonic
                  | ancestry]
    11 | D        | Reached XP level 11. HP: 98/98 MP: 14/14
    11 | D        | Noticed a meat berserker
    11 | D        | Noticed a meat berserker
    11 | D        | HP: 2/98 [bag of meat/+9 war axe (24)]
    12 | D        | Killed a meat berserker
    12 | D        | Reached * piety under Makhleb
    12 | D        | Reached skill level 16 in Fighting
    12 | D        | Reached skill level 15 in Axes
    12 | D        | Reached skill level 15 in Throwing
    12 | D        | Reached skill level 15 in Armour
    12 | D        | Reached skill level 15 in Dodging
    12 | D        | Gained mutation: You are completely covered in slimy green
                  | scales. (AC +4, rPois) [demonic ancestry]
    12 | D        | Reached XP level 12. HP: 105/113 MP: 15/15
    12 | D        | Reached XP level 13. HP: 111/119 MP: 16/16
    12 | D        | Killed a bag of meat
    12 | D        | Reached skill level 17 in Fighting
    12 | D        | Reached skill level 16 in Axes
    12 | D        | Reached skill level 16 in Throwing
    12 | D        | Reached skill level 16 in Armour
    12 | D        | Reached skill level 16 in Dodging
    12 | D        | Gained mutation: Your magical and physical power is
                  | slightly enhanced at high health. [demonic ancestry]
    12 | D        | Reached XP level 14. HP: 120/129 MP: 17/17
    13 | D        | Killed a bag of meat
    13 | D        | Reached skill level 18 in Fighting
    13 | D        | Reached skill level 17 in Axes
    13 | D        | Reached skill level 17 in Throwing
    13 | D        | Reached skill level 17 in Armour
    13 | D        | Reached skill level 17 in Dodging
    13 | D        | Killed a bag of meat
    13 | D        | Reached ** piety under Makhleb
    13 | D        | Reached skill level 19 in Fighting
    13 | D        | Reached skill level 18 in Axes
    13 | D        | Reached skill level 18 in Throwing
    13 | D        | Reached skill level 18 in Armour
    13 | D        | Reached skill level 18 in Dodging
    13 | D        | Gained mutation: You regenerate health from kills. [demonic
                  | ancestry]
    13 | D        | Reached XP level 15. HP: 131/139 MP: 18/18
    14 | D        | Reached skill level 20 in Fighting
    14 | D        | Killed a meat berserker
    14 | D        | Reached skill level 21 in Fighting
    14 | D        | Reached skill level 20 in Axes
    14 | D        | Reached skill level 20 in Throwing
    14 | D        | Reached skill level 20 in Armour
    14 | D        | Reached skill level 20 in Dodging
    14 | D        | Gained mutation: You sometimes gain power by taking damage.
                  | [demonic ancestry]
    14 | D        | Reached XP level 16. HP: 152/152 MP: 19/19
    14 | D        | Noticed a meat berserker
    15 | D        | Reached *** piety under Makhleb
    15 | D        | Reached skill level 22 in Fighting
    15 | D        | Killed a meat berserker
    15 | D        | Reached skill level 23 in Fighting
    15 | D        | Reached skill level 21 in Axes
    15 | D        | Reached skill level 21 in Throwing
    15 | D        | Reached skill level 21 in Armour
    15 | D        | Reached skill level 21 in Dodging
    15 | D        | Reached XP level 17. HP: 164/164 MP: 20/20
    15 | D        | Noticed a meat berserker
    16 | D        | Killed a meat berserker
    16 | D        | Reached skill level 24 in Fighting
    16 | D        | Reached skill level 22 in Axes
    16 | D        | Reached skill level 22 in Throwing
    16 | D        | Reached skill level 22 in Armour
    16 | D        | Reached skill level 22 in Dodging
    17 | D        | Noticed a large bag of meat
    18 | D        | Noticed a destroyer
    18 | D        | Killed a meat berserker
    18 | D        | Reached **** piety under Makhleb
    18 | D        | Reached skill level 25 in Fighting
    18 | D        | Reached skill level 23 in Axes
    18 | D        | Reached skill level 23 in Throwing
    18 | D        | Reached skill level 23 in Armour
    18 | D        | Reached skill level 23 in Dodging
    18 | D        | Reached XP level 18. HP: 177/177 MP: 21/21
    18 | D        | Noticed a meat berserker
    19 | D        | Noticed a destroyer
    19 | D        | Noticed a meat berserker
    20 | D        | Killed a meat berserker
    20 | D        | Reached skill level 26 in Fighting
    20 | D        | Reached skill level 24 in Axes
    20 | D        | Reached skill level 24 in Throwing
    20 | D        | Reached skill level 24 in Armour
    20 | D        | Reached skill level 24 in Dodging
    21 | D        | Noticed a meat berserker
    21 | D        | Noticed a meat berserker
    21 | D        | Noticed a large bag of meat
    21 | D        | Noticed a meat berserker
    21 | D        | Noticed a meat berserker
    22 | D        | Killed a large bag of meat
    22 | D        | Reached skill level 27 in Fighting
    22 | D        | Reached skill level 25 in Axes
    22 | D        | Reached skill level 25 in Throwing
    22 | D        | Reached skill level 25 in Armour
    22 | D        | Reached skill level 25 in Dodging
    22 | D        | Reached XP level 19. HP: 189/189 MP: 22/22
    22 | D        | Noticed a large bag of meat
    23 | D        | Killed a meat berserker
    23 | D        | Reached skill level 26 in Axes
    23 | D        | Reached skill level 26 in Throwing
    23 | D        | Reached skill level 26 in Armour
    23 | D        | Reached skill level 26 in Dodging
    24 | D        | Reached skill level 27 in Axes
    24 | D        | Reached skill level 27 in Throwing
    24 | D        | Reached skill level 27 in Armour
    24 | D        | Reached skill level 27 in Dodging
    24 | D        | Reached skill level 6 in Stealth
    24 | D        | Reached skill level 8 in Invocations
    24 | D        | Killed a meat berserker
    24 | D        | Reached ***** piety under Makhleb
    24 | D        | Reached skill level 15 in Stealth
    24 | D        | Reached skill level 19 in Invocations
    24 | D        | Reached skill level 17 in Stealth
    24 | D        | Reached skill level 22 in Invocations
    24 | D        | Gained mutation: You are powered by pain. [demonic
                  | ancestry]
    24 | D        | Reached XP level 20. HP: 197/197 MP: 22/35
    24 | D        | Killed a destroyer
    24 | D        | Reached skill level 23 in Stealth
    24 | D        | Reached skill level 27 in Invocations
    25 | D        | Killed a large bag of meat
    25 | D        | Reached skill level 27 in Stealth
    25 | D        | Reached skill level 11 in Spellcasting
    25 | D        | Reached skill level 16 in Spellcasting
    25 | D        | Reached XP level 21. HP: 204/204 MP: 22/41
    25 | D        | Reached skill level 20 in Spellcasting
    25 | D        | Noticed a destroyer
    26 | D        | Reached ****** piety under Makhleb
    26 | D        | Reached skill level 25 in Spellcasting
    26 | D        | Reached skill level 27 in Spellcasting
    26 | D        | Reached skill level 5 in Unarmed Combat
    26 | D        | Reached skill level 14 in Unarmed Combat
    26 | D        | Reached skill level 21 in Unarmed Combat
    26 | D        | Reached XP level 22. HP: 212/212 MP: 22/53
    27 | D        | Noticed a destroyer
    27 | D        | Reached skill level 26 in Unarmed Combat
    27 | D        | Reached skill level 27 in Unarmed Combat
    28 | D        | Killed a destroyer
    28 | D        | Gained mutation: You regenerate a lot of health from kills.
                  | [demonic ancestry]
    28 | D        | Reached XP level 23. HP: 219/219 MP: 45/54
    28 | D        | Killed a destroyer
    28 | D        | Noticed a destroyer
    29 | D        | Noticed a destroyer
    29 | D        | Noticed a destroyer
    30 | D        | Gained mutation: Your magical and physical power is
                  | enhanced at high health. [demonic ancestry]
    30 | D        | Reached XP level 24. HP: 227/227 MP: 46/54
    30 | D        | Killed a destroyer
    30 | D        | Noticed a destroyer
    31 | D        | Noticed a destroyer
    32 | D        | Killed a large bag of meat
    32 | D        | Killed a destroyer
    32 | D        | Gained mutation: Your magical and physical power is greatly
                  | enhanced at high health. [demonic ancestry]
    32 | D        | Reached XP level 25. HP: 234/234 MP: 54/54
    32 | D        | Noticed a destroyer
    36 | D        | Killed a destroyer
    36 | D        | Reached XP level 26. HP: 242/242 MP: 54/54
    36 | D        | Noticed a destroyer
    37 | D        | Noticed a destroyer
    37 | D        | Killed a destroyer
    38 | D        | Killed a destroyer
    38 | D        | Reached XP level 27. HP: 249/249 MP: 54/54
    39 | D        | Killed a destroyer
    39 | D        | Noticed a large bag of meat
    40 | D        | Noticed a destroyer
    42 | D        | Killed a destroyer
    42 | D        | Noticed a destroyer
    42 | D        | Noticed a destroyer
    43 | D        | Noticed a large bag of meat
    44 | D        | Killed a destroyer
    44 | D        | Noticed a destroyer
    44 | D        | Noticed an accursed
    44 | D        | Noticed a large bag of meat
    46 | D        | Killed a destroyer
    47 | D        | Killed a destroyer
    48 | D        | Killed a destroyer
    48 | D        | Killed a destroyer
    48 | D        | Noticed a tyrant
    48 | D        | Noticed a destroyer
    49 | D        | Noticed an accursed
    50 | D        | Noticed a tyrant
    51 | D        | Killed a destroyer
    52 | D        | Noticed a destroyer
    53 | D        | Killed a large bag of meat
    53 | D        | Noticed a destroyer
    54 | D        | Killed a large bag of meat
    55 | D        | Killed a large bag of meat
    55 | D        | HP: 13/249 [large bag of meat/exploding inner flame (31)]
    58 | D        | Killed a destroyer
    59 | D        | Noticed a large bag of meat
    61 | D        | Killed a destroyer
    62 | D        | Killed an accursed
    62 | D        | Killed a tyrant
    62 | D        | Killed a tyrant
    64 | D        | Killed a destroyer
    64 | D        | Noticed a tyrant
    66 | D        | Noticed a dread
    69 | D        | Noticed a destroyer
    70 | D        | Noticed a meat beast
    70 | D        | Killed an accursed
    70 | D        | Noticed a destroyer
    71 | D        | Noticed a dread
    73 | D        | Killed a destroyer
    74 | D        | Killed a meat beast
    75 | D        | Killed a large bag of meat
    75 | D        | Killed a tyrant
    76 | D        | Noticed a meat beast
    80 | D        | Noticed an accursed
    80 | D        | Killed from afar by a dread

Levels and vault maps discovered:
D:        meatsprint

Skill      XL: |  1  2  3  4  5  6  7  8  9 10 11 12 13 14 15 16 17 18 19 20 21 22 |
---------------+-------------------------------------------------------------------+-----
Fighting       | 13 16 17 19 21 23 25 27 | 27.0
Axes           | 12 15 16 18 20 21 23 25 27 | 27.0
Throwing       | 12 15 16 18 20 21 23 25 27 | 27.0
Armour         | 12 15 16 18 20 21 23 25 27 | 27.0
Dodging        | 12 15 16 18 20 21 23 25 27 | 27.0
Stealth        | 17 27 | 27.0
Invocations    | 22 27 | 27.0
Spellcasting   | 16 27 | 27.0
Unarmed Combat | 21 27 | 27.0
Translocations | |  2.6

Action                   |  1- 3 |  4- 6 |  7- 9 | 10-12 | 13-15 | 16-18 | 19-21 | 22-24 | 25-27 || total
-------------------------+-------+-------+-------+-------+-------+-------+-------+-------+-------++-------
Melee: Executioner's axe |     1 |       |       |     1 |     2 |     5 |     4 |     6 |    44 ||    63

Table legend:
 A = Non-vault XP
 B = Vault XP
 C = Vault XP percentage of total XP
 D = Non-vault monster count
 E = Vault monster count
 F = Vault count percentage of total count
                 A         B        C        D         E       F
            +---------+---------+-------+---------+---------+-------
      Total | 2270138 | 1298150 |  36.4 |      81 |      71 |  46.7
            +---------+---------+-------+---------+---------+-------
          D | 2270138 | 1298150 |  36.4 |      81 |      71 |  46.7
            +---------+---------+-------+---------+---------+-------
